 Dungeon Crawl Stone Soup version 0.31-a0-636-ge1c0e020e0 (webtiles) character file.

Game seed: 16595625295206863045

10601 thirtiethelement the Cleaver (level 11, -5/126 HPs)
             Began as a Demonspawn Fighter on Aug 27, 2023.
             Was a Believer of Trog.
             Slain by a troll (10 damage)
             ... on level 9 of the Dungeon.
             The game lasted 00:18:53 (9173 turns).

thirtiethelement the Cleaver (Demonspawn Fighter)   Turns: 9173, Time: 00:18:54

Health: -5/126     AC: 14    Str: 20    XL:     11   Next: 38%
Magic:  0/11       EV:  6    Int: 10    God:    Trog [**....]
Gold:   931        SH: 14    Dex: 13    Spells: 10/10 levels left

rFire   . . .        C - +2 war axe (flame)
rCold   . . .        c - +0 buckler
rNeg    . . .        p - +0 plate armour
rPois   +            l - +0 helmet
rElec   .            (cloak unavailable)
rCorr   .            (no gloves)
SInv    .            (no boots)
Will    ++...        m - brooch of Shielding {Spirit SH+8} Stlth
                     v - ring of poison resistance
HPRegen 1.41/turn    (no ring)
MPRegen 0.12/turn

%: guardian spirit
@: berserking, strong-willed, regenerating, studying Staves, very quick
A: hooves 2, spiny 1, demonic magic 1, weakness stinger 3, demonic touch 1
a: Renounce Religion, Berserk, Trog's Hand


You were on level 9 of the Dungeon.
You worshipped Trog.
Trog was pleased with you.
You visited 2 branches of the dungeon, and saw 10 of its levels.
You also visited: Sewer.

You collected 931 gold pieces.

Inventory:

Hand Weapons
 C - a +2 war axe of flaming (weapon)
Missiles
 u - 2 boomerangs
 w - 4 javelins (quivered)
 G - 2 throwing nets
Armour
 c - a +0 buckler (worn)
 l - a +0 helmet (worn)
 p - a +0 plate armour (worn)
Jewellery
 a - an amulet of faith
 m - the brooch of Shielding (around neck) {Spirit SH+8}
   (You found it on level 2 of the Dungeon)

   [amulet of guardian spirit]

   Spirit:    It causes incoming damage to be divided between your reserves of
   health and magic.
   SH+8:      It affects your SH (+8).
 v - a ring of poison resistance (left hand)
 y - a ring of ice
Wands
 q - a wand of paralysis (10)
 x - a wand of flame (29)
 A - a wand of polymorph (4)
 B - a wand of mindburst (8)
 D - a wand of iceblast (10)
Scrolls
 b - 2 scrolls of amnesia
 i - 2 scrolls of enchant weapon
 k - a scroll of torment
 s - a scroll of brand weapon
 t - a scroll of immolation
 z - 4 scrolls of fear
 E - a scroll of revelation
 F - a scroll of identify
 H - a scroll of vulnerability
Potions
 d - a potion of might
 e - a potion of heal wounds
 g - 4 potions of resistance
 h - 3 potions of attraction
 j - 6 potions of curing
 n - a potion of brilliance
 o - 2 potions of invisibility
 r - 4 potions of ambrosia


   Skills:
 + Level 7.4 Fighting
 + Level 11.4 Axes
 + Level 1.2 Throwing
 + Level 7.3 Armour
 + Level 1.1 Dodging
 + Level 1.0 Stealth
 + Level 8.3 Shields


You had 10 spell levels left.
You didn't know any spells.
Your spell library was empty.

Dungeon Overview and Level Annotations

Branches:
Dungeon (9/15)             Temple (1/1) D:7           Sewer (visited)
   Lair: D:8-11         Orc: D:9-12

Altars:
Ashenzari
Cheibriados
Gozag
Hepliaklqana
Makhleb
Nemelex Xobeh
Okawaru
Qazlal
Ru
Sif Muna
Trog
Uskayaw
Vehumet
Wu Jian
Xom
Yredelemnul

Annotations:
D:3 2 transporters, Age's ghost, amateur MiFi


Innate Abilities, Weirdness & Mutations

You have hoof-like feet.
You are partially covered in sharp spines.
Spells you cast may paralyse adjacent enemies.
You have a sharp stinger which inflicts weakening toxins.
Your touch may inflict minor irresistible damage on your foes.


Message History

The human is struck by your spines.
The human hits you with a +0 long sword.
* * * LOW HITPOINT WARNING * * *
The human hits you but does no damage. You block the human's attack.
The human is struck by your spines.
The human hits you with a +0 long sword.
* * * LOW HITPOINT WARNING * * *
You block the human's attack.
The human hits you with a +0 long sword.
* * * LOW HITPOINT WARNING * * *
There is an iron altar of Okawaru here.
Your skin crawls.
You feel strong-willed.
You block the human's attack. x2; The troll bites you.
* * * LOW HITPOINT WARNING * * *
The troll claws you!
* * * LOW HITPOINT WARNING * * *
The troll claws you.
* * * LOW HITPOINT WARNING * * *
A red film seems to cover your vision as you go berserk!
You feel yourself moving faster!
You feel mighty! You block the human's attack. x2
You block the troll's attack. The troll barely misses you. The troll claws you!
* * * LOW HITPOINT WARNING * * *
You barely miss the human. Your kick misses the human.
The human is moderately wounded.
You barely miss the troll. You slash the human! You burn the human.
You block the human's attack. The human barely misses you.
The troll is struck by your spines. The troll bites you but does no damage.
The troll claws you but does no damage. x2
You closely miss the human.
Your tail-slap misses the human.
The human is severely wounded.
You barely miss the human. You hit the troll. You burn the troll.
You slash the human! You burn the human.
You kill the human!
Trog accepts your kill.
You barely miss the human. You closely miss the troll.
You block the human's attack. The troll is struck by your spines.
The troll bites you but does no damage. The troll claws you but does no damage.
The troll claws you!
You die...

#.. .# .# #.####.###
..## #.#.....^ ...#
#.##.... ...#
#.##.#.######..#
#.##.#.#...8#..#
#########.#....#.p###..#
.............#.#@T.....#
#########.#....#.Y###.##
#.#..#.#...8#.#
#.##.#.######Y#
#....#........#
######.#.#.#..#
...#.#.#..# #####.#.#..#
#.#.#.##


You could see a yak, a troll and a human.

Vanquished Creatures
  2 two-headed ogres (D:9)
  2 boulder beetles (D:7)
  A manticore (D:7)
  Maggie (D:6)
  A kobold demonologist (D:7)
  A vampire (D:9)
  9 yaks (D:8)
  A human (D:9)
  A wyvern (D:9)
  5 steam dragons
  Menkaure (D:6)
  Edmund (D:5)
  An acid dragon (D:9)
  A water moccasin (D:9)
  An orc warrior (D:8)
  2 ice beasts
  A sky beast (D:7)
  3 black bears
  2 ogres
  6 centaurs
  A phantom (D:5)
  5 bullfrogs
  A gnoll sergeant (D:7)
  5 scorpions
  11 wights
  The ghost of Age the Trooper, a weakling MiFi (D:4)
  11 killer bees
  2 howler monkeys (D:7)
  7 hounds
  6 orc priests
  3 gnoll boudas
  A jelly (D:6)
  12 iguanas
  3 sleepcaps
  Natasha (thrice) (D:4)
  5 orc wizards
  8 gnolls
  10 adders
  3 river rats (Sewer)
  3 shadow imps
  3 white imps
  A worm (D:2)
  2 dart slugs
  22 orcs
  3 bats
  9 endoplasms
  4 giant cockroaches
  7 goblins
  5 hobgoblins
  3 quokkas
  15 ball pythons
  2 frilled lizards (D:1)
  4 kobolds
  31 rats
255 creatures vanquished.

Vanquished Creatures (others)
  An orc wizard (D:4)
1 creature vanquished.

Grand Total: 256 creatures vanquished

Notes
Turn   | Place    | Note
-------+----------+-------------------------------------------
     0 | D:1      | thirtiethelement the Demonspawn Fighter began the quest for
                  | the Orb.
     0 | D:1      | Reached XP level 1. HP: 18/18 MP: 1/1
   243 | D:1      | Gained mutation: You are partially covered in sharp spines.
                  | [demonic ancestry]
   243 | D:1      | Reached XP level 2. HP: 23/24 MP: 2/2
   361 | D:1      | Reached skill level 2 in Axes
   865 | D:2      | Reached XP level 3. HP: 27/29 MP: 3/3
  1027 | D:2      | Found the brooch of Shielding {Spirit SH+8}
  1308 | D:2      | Found a faded altar of an unknown god.
  1496 | D:3      | Noticed Age's ghost (amateur MiFi)
  1497 | D:3      | Found a transporter.
  1500 | D:3      | Found a transporter.
  1586 | D:3      | Discovered your monstrous ancestry.
  1586 | D:3      | Gained mutation: Your touch may inflict minor irresistible
                  | damage on your foes. [demonic ancestry]
  1586 | D:3      | Reached XP level 4. HP: 24/37 MP: 4/4
  1590 | D:3      | Reached skill level 3 in Axes
  1614 | D:3      | Found a glowing drain.
  1618 | Sewer    | Entered a sewer
  1830 | Sewer    | Reached XP level 5. HP: 42/42 MP: 5/5
  1903 | Sewer    | Reached skill level 4 in Axes
  1905 | Sewer    | Gained mutation: You have a small tail. [demonic ancestry]
  1905 | Sewer    | Reached XP level 6. HP: 42/48 MP: 3/6
  2238 | D:3      | Found a basalt altar of Yredelemnul.
  2239 | D:3      | Found a shimmering altar of Xom.
  2460 | D:4      | Noticed Natasha
  2468 | D:4      | Killed Natasha
  2479 | D:4      | Noticed Natasha
  2488 | D:4      | Killed Natasha
  2589 | D:4      | Reached skill level 5 in Axes
  2706 | D:4      | Gained mutation: You have a tail ending in a sharp stinger.
                  | [demonic ancestry]
  2706 | D:4      | Reached XP level 7. HP: 53/55 MP: 7/7
  2744 | D:4      | Found a runed translucent gate.
  2754 | D:4      | Found a runed translucent gate.
  2754 | D:4      | Found a runed translucent gate.
  2754 | D:4      | Noticed Age's ghost (weakling MiFi)
  2781 | D:4      | Killed Age's ghost
  2851 | D:4      | Noticed Natasha
  2864 | D:4      | Killed Natasha
  3103 | D:4      | Found a shimmering blue altar of Sif Muna.
  3137 | D:5      | Entered Level 5 of the Dungeon
  3287 | D:5      | Found a sacrificial altar of Ru.
  3344 | D:5      | Noticed Edmund
  3361 | D:5      | Killed Edmund
  3362 | D:5      | Reached skill level 6 in Axes
  3485 | D:5      | Gained mutation: You have large cloven feet. [demonic
                  | ancestry]
  3485 | D:5      | Reached XP level 8. HP: 10/61 MP: 1/8
  3620 | D:5      | Reached skill level 5 in Shields
  3721 | D:5      | Reached skill level 7 in Axes
  4002 | D:5      | Reached skill level 1 in Throwing
  4120 | D:5      | Reached skill level 5 in Fighting
  4287 | D:5      | Gained mutation: You have a sharp stinger which inflicts
                  | weakening toxins. [demonic ancestry]
  4287 | D:5      | Reached XP level 9. HP: 63/68 MP: 7/9
  4503 | D:6      | Noticed Menkaure
  4513 | D:6      | Killed Menkaure
  4569 | D:6      | Reached skill level 1 in Stealth
  4577 | D:6      | Reached skill level 8 in Axes
  4670 | D:6      | Found an ornate altar of the Wu Jian Council.
  4690 | D:6      | Found a burning altar of Makhleb.
  4701 | D:6      | Found an opulent altar of Gozag.
  4777 | D:6      | Noticed Maggie
  4799 | D:6      | Killed Maggie
  5065 | D:6      | Reached skill level 5 in Armour
  5603 | D:7      | Found a staircase to the Ecumenical Temple.
  5616 | Temple   | Entered the Ecumenical Temple
  5626 | Temple   | Became a worshipper of Trog the Wrathful
  6019 | D:7      | Found a burning altar of Makhleb.
  6128 | D:7      | Found a sparkling altar of Nemelex Xobeh.
  6152 | D:7      | Reached skill level 9 in Axes
  6152 | D:7      | Gained mutation: Spells you cast may paralyse adjacent
                  | enemies. [demonic ancestry]
  6152 | D:7      | Reached XP level 10. HP: 77/77 MP: 10/10
  6589 | D:7      | Reached * piety under Trog
  6600 | D:7      | Noticed a boulder beetle
  6601 | D:7      | Noticed a manticore
  6601 | D:7      | Noticed a boulder beetle
  6604 | D:7      | Noticed a rust devil
  6612 | D:7      | Killed a manticore
  6869 | D:7      | Killed a boulder beetle
  7258 | D:7      | Killed a boulder beetle
  7259 | D:7      | Reached skill level 10 in Axes
  7693 | D:8      | Identified the +6 mace "Ogrebane" {speed, Dex+4}
  7941 | D:8      | Gained mutation: You have hoof-like feet. [demonic
                  | ancestry]
  7941 | D:8      | Reached XP level 11. HP: 84/84 MP: 11/11
  8011 | D:8      | Found a snail-covered altar of Cheibriados.
  8246 | D:8      | Reached skill level 1 in Dodging
  8591 | D:9      | Noticed a two-headed ogre
  8593 | D:9      | Reached ** piety under Trog
  8604 | D:9      | Killed a two-headed ogre
  8605 | D:9      | Reached skill level 11 in Axes
  8811 | D:9      | Noticed a two-headed ogre
  8815 | D:9      | Killed a two-headed ogre
  9068 | D:9      | Noticed a centaur warrior
  9163 | D:9      | Found an iron altar of Okawaru.
  9170 | D:9      | HP: 2/126 [troll (9)]
  9173 | D:9      | Slain by a troll

Illustrated notes

Levels and vault maps discovered:
D:1:      shiori_arrival_maze, layout_basic
D:2:      layout_loops_corners, ebering_ecumenical_altar_sacrificial,
          minmay_distorted
D:3:      layout_rooms, lemuel_doored_altar, yredelemnul_altar_generic,
          gammafunk_ghost_arena, gup_sewer_entry_bowl, corexii_shack
D:4:      layout_cave_pools, tgw_sif, ebering_ghost_rock_garden, uniq_natasha
D:5:      minmay_polygon_palace, layout_rooms,
          nicolae_ru_great_annihilating_truth, uniq_edmund
D:6:      layout_basic, mainiacjoe_overflow_small_starburst,
          grunt_gozag_breadcrumbs, mainiacjoe_overflow_alcove_4, uniq_menkaure,
          uniq_maggie
D:7:      minmay_chambers_of_sevens, layout_loops_corners, kennysheep_mini_moat,
          temple_fountains, david_defended_altar_orc
D:8:      layout_gridville, cheibriados_altar_1, hangedman_glass_teeth,
          minmay_manual_mares
D:9:      layout_basic, good_gods_mini_temple,
          nicolae_kikubaaqudgha_miasma_corner, okawaru_humans,
          mainiacjoe_overflow_cross_hatched, orc_0_dummy, nzn_random_ring
Temple:   hellmonk_temple_rainy

Skill      XL: |  1  2  3  4  5  6  7  8  9 10 11 |
---------------+----------------------------------+-----
Axes           | 2 3 4 5 6 7 9 10 11 | 11.4
Armour         | 3 4 5 7 |  7.3
Shields        | 3 4 6 7 8 |  8.3
Fighting       | 4 5 6 7 |  7.4
Throwing       | 1 |  1.2
Stealth        | 1 |  1.0
Dodging        | 1 |  1.1

Action                     |  1- 3 |  4- 6 |  7- 9 | 10-12 || total
---------------------------+-------+-------+-------+-------++-------
  Melee: War axe           |    79 |   112 |   299 |   232 ||   722
         Tailslap          |       |     3 |    37 |    45 ||    85
         Kick              |       |       |       |    86 ||    86
  Throw: Javelin           |       |       |    10 |       ||    10
 Invoke: Berserk           |       |       |       |     2 ||     2
         Trog's Hand       |       |       |       |     1 ||     1
    Use: Scroll            |       |     9 |     7 |     3 ||    19
         Potion            |       |     2 |     2 |       ||     4
   Stab: Paralysed         |       |       |     3 |       ||     3
 Armour: Scale mail        |    24 |       |       |       ||    24
         Plate armour      |    18 |    62 |   135 |    92 ||   307
  Dodge: Dodged            |    24 |    20 |    44 |    45 ||   133
  Block: Buckler           |    26 |   110 |   253 |   165 ||   554

Table legend: (Time is in decaauts)
 A = Elapsed time spent in this place.
 B = Non-inter-level travel time spent in this place.
 C = Inter-level travel time spent in this place.
 D = Time resting spent in this place.
 E = Time spent auto-exploring this place.
 F = Levels seen in this place.
 G = Mean time per level.
                   A        B        C        D        E       F      G
               +--------+--------+--------+--------+--------+-----+--------+
         Total |   9407 |   9231 |    176 |   1506 |   5749 |  11 |  855.2 |
       Dungeon |   8804 |   8628 |    176 |   1448 |   5434 |   9 |  978.2 |
        Temple |     20 |     20 |      0 |      0 |      0 |   1 |   20.0 |
         Sewer |    581 |    581 |      0 |     58 |    314 |   1 |  581.0 |
               +--------+--------+--------+--------+--------+-----+--------+

Top non-repeatable levels by time:
     D:7: 1980 daAuts
     D:5: 1268 daAuts
     D:6: 1230 daAuts
     D:2: 898 daAuts
     D:8: 880 daAuts
     D:4: 733 daAuts
     D:9: 724 daAuts
     D:1: 613 daAuts
   Sewer: 581 daAuts
     D:3: 475 daAuts
  Temple: 20 daAuts
